 Dungeon Crawl Stone Soup version 0.19.4 (webtiles) character file.

81 JeffiDaFish the Stinger (level 4, 0/31 HPs)
             Began as a Demonspawn Venom Mage on Feb 4, 2017.
             Slain by a gnoll
             ... wielding a +0 spear
              (6 damage)
             ... on level 2 of the Dungeon.
             The game lasted 00:04:30 (1716 turns).

JeffiDaFish the Stinger (Demonspawn Venom Mage)     Turns: 1716, Time: 00:04:31

Health: 0/31       AC:  4    Str:  8    XL:     4   Next: 19%
Magic:  0/7        EV: 12    Int: 17    God:
Gold:   61         SH:  0    Dex: 16    Spells: 2 memorised, 3 levels left

rFire  . . .     SeeInvis .     e - +1 whip (flame)
rCold  . . .     Gourm    .     d - +0 leather armour
rNeg   . . .     Faith    .     (no shield)
rPois  .         Spirit   .     g - +0 helmet
rElec  .         Reflect  .     (no cloak)
rCorr  .         Harm     .     (no gloves)
MR     .....                    (no boots)
Stlth  ++........               (no amulet)
                                (no ring)
                                (no ring)

@: no status effects
A: thin skeletal structure 1, rot immunity
a: no special abilities


You were on level 2 of the Dungeon.
You were hungry.

You visited 1 branch of the dungeon, and saw 3 of its levels.

You collected 61 gold pieces.

Inventory:

Hand Weapons
 e - a +1 whip of flaming (weapon)
Armour
 d - a +0 leather armour (worn)
 g - a +0 helmet (worn)
Books
 b - a Young Poisoner's Handbook

   Spells                             Type                      Level
   a - Sting                          Conjuration/Poison           1
   b - Mephitic Cloud                 Conjuration/Poison/Air       3
   c - Olgreb's Toxic Radiance        Poison                       4
   d - Alistair's Intoxication        Transmutation/Poison         5
   e - Venom Bolt                     Conjuration/Poison           5
Comestibles
 c - a bread ration


   Skills:
 + Level 0.6 Fighting
   Level 0.1(0.6) Axes
 + Level 1.0(1.1) Maces & Flails
 + Level 1.3 Armour
 + Level 2.2 Dodging
 + Level 2.0 Stealth
 + Level 0.3 Unarmed Combat
 + Level 2.0 Spellcasting
 + Level 0.2 Conjurations
 + Level 0.3 Air Magic
 + Level 4.4 Poison Magic


You had 3 spell levels left.
You knew the following spells:

 Your Spells              Type           Power        Failure   Level  Hunger
a - Sting                 Conj/Pois      #...         12%         1    #......
b - Mephitic Cloud        Conj/Pois/Air  #.......     43%         3    ###....


Dungeon Overview and Level Annotations

Branches:
Dungeon (3/15)

Altars:


Innate Abilities, Weirdness & Mutations

You have a somewhat thin skeletal structure. (Dex +2, Stealth)
You are immune to rotting.


Message History

The dart slug appears confused.
You kill the dart slug!
No target in view!
A goblin comes into view. It is wielding a dagger.
Things that are here:
a club; a gnoll corpse
Casting: Sting
Confirm with . or Enter, or press ? or * to list all spells.
You don't have enough magic to cast that spell.
Casting: Sting
Confirm with . or Enter, or press ? or * to list all spells.
Aiming: Sting
Press: ? - help, Shift-Dir - straight line, f - gnoll
Aim: a gnoll, wielding a spear (lightly wounded)
The sting hits the gnoll.
The gnoll is moderately wounded.
The gnoll hits you from afar with a spear.
* * * LOW HITPOINT WARNING * * *
The gnoll hits you from afar with a spear.
You die...

#...#.........
#.
###.#.....#####
#. ........#.#
#. ###.#.§§#)#
#. #.#..§#.# #.
# #..g..# ##
#.#g### #.
#.#)# ...####.
#.#@# ........
#.#.# ######.
#.# #########.
#.# #.........
#.# #.########
#.# #.# #.# #.#
#.# #.# #.# #.#


You could see 2 gnolls.

Vanquished Creatures
  A gnoll (D:2)
  2 adders (D:2)
  An ooze (D:1)
  A dart slug (D:2)
  2 leopard geckos (D:1)
  3 goblins
  6 hobgoblins (D:1)
  4 jackals (D:1)
  4 kobolds
  2 ball pythons
  12 bats
  2 frilled lizards (D:1)
  3 rats (D:1)
43 creatures vanquished.

Notes
Turn   | Place    | Note
-------+----------+-------------------------------------------
     0 | D:1      | JeffiDaFish the Demonspawn Venom Mage began the quest for the Orb.
     0 | D:1      | Reached XP level 1. HP: 13/13 MP: 3/3
   114 | D:1      | Gained mutation: You are immune to rotting. [demonic ancestry]
   114 | D:1      | Reached XP level 2. HP: 12/19 MP: 3/5
   437 | D:1      | Reached XP level 3. HP: 23/25 MP: 6/6
   501 | D:1      | Learned a level 3 spell: Mephitic Cloud
  1292 | D:2      | Reached skill level 1 in Maces & Flails
  1393 | D:2      | Reached skill level 1 in Armour
  1405 | D:2      | HP: 1/25 [gnoll/spear (8)]
  1421 | D:3      | Gained mutation: You have a somewhat thin skeletal structure. (Dex +2, Stealth) [demonic ancestry]
  1421 | D:3      | Reached XP level 4. HP: 2/31 MP: 2/7
  1716 | D:2      | Slain by a gnoll

Skill      XL: |  1  2  3 |
---------------+----------+-----
Dodging        | 2 |  2.2
Maces & Flails | 1 |  1.0
Stealth        | 2 |  2.0
Armour         | 1 |  1.3
Fighting       | |  0.6
Axes           | |  0.1
Unarmed Combat | |  0.3
Spellcasting   | |  2.0
Conjurations   | |  0.2
Air Magic      | |  0.3
Poison Magic   | |  4.4

Action                   |  1- 3 |  4- 6 || total
-------------------------+-------+-------++-------
Melee: Hand axe          |    13 |       ||    13
       Unarmed           |     6 |       ||     6
       Whip              |    86 |     5 ||    91
       Mace              |    13 |       ||    13
 Cast: Sting             |    15 |     2 ||    17
       Mephitic Cloud    |     3 |     2 ||     5
  Use: Scroll            |     5 |       ||     5
       Potion            |     2 |       ||     2
 Stab: Sleeping          |     2 |       ||     2
       Distracted        |     1 |       ||     1
  Eat: Chunk             |     2 |     1 ||     3
Armor: Robe              |     7 |       ||     7
       Leather armour    |    47 |     1 ||    48
Dodge: Dodged            |   136 |     5 ||   141
